 Dungeon Crawl Stone Soup version 0.26-a0-835-g8259106 (webtiles) character file.

Game seed: 2051441986450750460

112540 Blackhawk the Severer (level 16, -17/151 HPs)
             Began as a Minotaur Berserker on Sept 5, 2020.
             Was the Champion of Trog.
             Blown up by an orb spider (48 damage)
             ... with an orb of destruction
             ... on level 1 of the Spider Nest on Nov 17, 2020.
             The game lasted 00:56:13 (32251 turns).

Blackhawk the Severer (Minotaur Berserker)         Turns: 32251, Time: 00:56:14

Health: -17/151    AC: 15    Str: 31    XL:     16   Next: 12%
Magic:  15/15      EV: 15    Int:  4    God:    Trog [******]
Gold:   2453       SH:  0    Dex: 18    Spells: 15/15 levels left

rFire    . . .     SeeInvis .   u - +6 broad axe (vamp)
rCold    . . .     Faith    .   U - +8 tower shield
rNeg     . . .     Spirit   .   a - +0 chain mail of Cheibriados's Hatred {-Cast Regen+ Str+4 Stlth+}
rPois    +         Reflect  .   (helmet restricted)
rElec    .         Harm     .   Z - scarf {repulsion}
rCorr    .         Rampage  .   J - +0 pair of gloves
MR       +....     NoCast   +   (no boots)
Stlth    ..........             (no amulet)
HPRegen  0.75/turn              M - +6 ring of dexterity
MPRegen  0.14/turn              P - ring of poison resistance

@: confused, repel missiles
A: retaliatory headbutt, horns 2
a: Berserk, Trog's Hand, Brothers in Arms, Renounce Religion


You were on level 1 of the Spider Nest.
You worshipped Trog.
Trog was exalted by your worship.
You visited 4 branches of the dungeon, and saw 24 of its levels.
You also visited: Bailey and Gauntlet.

You collected 2879 gold pieces.
You spent 426 gold pieces at shops.

Inventory:

Hand Weapons
 b - the +0 battleaxe of Doom {holy, MR++ MP+9 Str+4}
   (You took it off an orc wizard on level 5 of the Dungeon)

   It has been blessed by the Shining One to cause great damage to the undead
   and demons.
   It affects your strength (+4).
   It affects your resistance to hostile enchantments.
   It affects your magic capacity (+9).
 u - a +6 vampiric broad axe (weapon)
 V - a +4 antimagic broad axe
Missiles
 r - 73 poisoned darts (quivered)
 w - 2 throwing nets
Armour
 a - the +0 chain mail of Cheibriados's Hatred (worn) {-Cast Regen+ Str+4 Stlth+}
   (You bought it in a shop on level 2 of the Orcish Mines)

   It affects your strength (+4).
   It prevents spellcasting.
   It increases your rate of regeneration.
   It makes you more stealthy.
 J - a +0 pair of gloves (worn)
 Q - a +2 chain mail of fire resistance
 U - a +8 tower shield (worn)
 Z - a scarf of repulsion (worn)
Jewellery
 j - an uncursed ring of protection from cold
 t - a +4 ring of evasion
 M - a +6 ring of dexterity (left hand)
 P - a ring of poison resistance (right hand)
 R - the ring "Urosete" {rCorr Int+3}
   (You found it on level 5 of the Dungeon)

   [ring of resist corrosion]

   It affects your intelligence (+3).
   It provides partial protection from all sources of acid and corrosion.
Wands
 O - a wand of iceblast (26)
 T - a wand of digging (4)
 W - a wand of disintegration (13)
 Y - a wand of paralysis (14)
Scrolls
 d - 6 scrolls of immolation
 f - 3 scrolls of magic mapping
 g - 13 scrolls of remove curse
 h - 6 scrolls of teleportation
 i - 2 scrolls of enchant armour
 q - 7 scrolls of fog
 y - 2 scrolls of identify
 B - a scroll of fear
 E - 4 scrolls of blinking
 I - 2 scrolls of summoning
 X - a scroll of holy word
Potions
 c - 5 potions of haste
 k - 8 potions of curing
 o - 2 potions of mutation
 p - a potion of invisibility
 s - a potion of flight
 z - 3 potions of resistance
 C - 3 potions of cancellation
 F - 9 potions of heal wounds
 G - 11 potions of might
 H - 3 potions of berserk rage
 L - 3 potions of ambrosia
Miscellaneous
 l - a condenser vane
 m - a tin of tremorstones (2/2)
 S - a lightning rod (4/4)


   Skills:
 + Level 16.0 Fighting
 - Level 20.0 Axes
 + Level 14.9 Armour
 + Level 13.4 Dodging
 + Level 7.3 Shields


You had 15 spell levels left.
You didn't know any spells.
Your spell library was empty.

Dungeon Overview and Level Annotations

Branches:
Dungeon (15/15)            Temple (0/1) D:6            Lair (6/6) D:9
  Swamp (0/4) Lair:2       Spider (1/4) Lair:4        Slime (0/5) Lair:5
    Orc (2/2) D:11            Elf (0/3) Orc:2        Vaults (0/5) D:13
 Depths (0/5) D:15         Bailey (visited)         Gauntlet (visited)

Altars:
Ashenzari
Cheibriados
Fedhas
Hepliaklqana
Kikubaaqudgha
Makhleb
Nemelex Xobeh
Ru
Vehumet
Wu Jian
Xom
Yredelemnul
Zin
Beogh

Shops:
D:8 !}[**   D:9 ?[[?:   D:11 *   D:13 [   D:14 :   Orc:2 !?*:

Annotations:
Lair:2 exclusion: oklob plant


Innate Abilities, Weirdness & Mutations

You reflexively headbutt those who attack you in melee.
You have a pair of horns on your head.


Message History

* * * LOW HITPOINT WARNING * * *
The boulder beetle stops rolling and uncurls.
You hear an angry hiss.
An orb of destruction comes into view.
You feel much better. The boulder beetle bites you!
* * * LOW HITPOINT WARNING * * *
You feel much better. The orb of destruction hits you!!
* * * LOW HITPOINT WARNING * * *
The boulder beetle closely misses you.
You feel much better. The boulder beetle barely misses you.
The boulder beetle blinks!
The orb spider begins to weave its threads into a brightly glowing ball.
You're too confused to move!
The orb spider pulsates with a strange energy.
You're too confused to move!
The orb spider weaves a glowing orb of energy. x2 2 orbs of destruction come into view.
The boulder beetle blinks!
The orb of destruction hits you!!!
You die...

....†.......^................
..........##.#................
.........## .......B.........
..<......## ##..............
......?...# #^..............
.....#....# ##....ss........
.....#..### #...............
....#.### #...☼.^°†.......
#.....# ##@*.○°)†.§.....
....### #☼°○..††...#... ..#..
#.....#^....... .....
######....##....... ....#
##..##.#...# .#..##.
#...#.....## ##.##
##.>...#..## # ##..^.#..#.#
###.........##


You could see a boulder beetle and 2 orb spiders.

Vanquished Creatures
  Frances (D:14)
  2 orc warlords (Orc:2)
  A dire elephant (D:15)
  Azrael (D:14)
  A fire dragon (Lair:6)
  Josephine (D:13)
  4 vault guards
  Fannar (Lair:3)
  6 hydras
  A rakshasa (D:15)
  Erica (D:11)
  5 two-headed ogres
  6 centaur warriors
  3 tengu warriors
  4 orc high priests (Orc:2)
  Nergalle (Lair:2)
  An unseen horror (D:14)
  Pikel (D:7)
  A swamp dragon (Lair:6)
  9 orc knights
  8 orc sorcerers
  3 orb spiders (Spider:1)
  7 ugly things
  12 wolf spiders
  A manticore (D:14)
  3 cyclopes
  6 black mambas
  A salamander (D:15)
  4 elephants (Lair:3)
  2 gargoyles
  3 centaur zombies
  3 centaur skeletons
  Maggie (D:10)
  11 cane toads
  A torpor snail (Spider:1)
  A rime drake (Lair:6)
  2 kobold demonologists
  10 komodo dragons
  2 demonic crawlers (Spider:1)
  A tengu conjurer (D:14)
  3 ghosts
  9 trolls
  A merfolk (D:15)
  3 tyrant leeches
  10 jumping spiders (Spider:1)
  Prince Ribbit (D:5)
  A polar bear (Lair:5)
  12 blink frogs
  6 slime creatures
  10 removed hippogriffs
  Sigmund (D:5)
  13 tarantellas
  A spriggan (shapeshifter) (D:13)
  3 vampires
  12 redbacks (Spider:1)
  A spriggan (Lair:5)
  3 fire bats (Lair:3)
  7 wraiths
  3 fire elementals (D:14)
  27 yaks
  6 basilisks
  A wyvern (Lair:3)
  3 vampire mosquitoes (D:15)
  5 wargs
  Menkaure (D:5)
  5 swamp worms
  Edmund (D:4)
  7 acid dragons
  9 water moccasins
  2 hell hounds (D:14)
  7 removed porcupines
  12 ice beasts
  4 swamp drakes (Lair:6)
  55 orc warriors
  2 sky beasts
  3 phantoms
  4 black bears
  An eye of draining (D:11)
  20 ogres
  A necrophage (D:5)
  15 removed crocodiles
  A lemure (D:7)
  7 centaurs
  10 big kobolds
  12 bullfrogs
  A wyvern zombie (D:12)
  A wyvern skeleton (D:13)
  3 scorpions
  A water moccasin skeleton (D:8)
  16 killer bees
  17 wights
  4 howler monkeys
  A bullfrog zombie (D:12)
  A lava snake (D:11)
  3 hounds
  42 orc priests
  2 jellies
  6 iguanas
  A bullfrog skeleton (D:13)
  33 orc wizards
  13 worker ants
  A bullfrog simulacrum (D:13)
  A hound zombie (D:5)
  4 hound skeletons
  A howler monkey zombie (D:8)
  2 worker ant zombies
  Robin (D:2)
  10 adders
  3 white imps
  4 ufetubi
  An adder zombie (D:8)
  3 adder skeletons
  A worm (D:5)
  A dart slug (D:2)
  9 leopard geckos
  197 orcs
  3 bats
  12 giant cockroaches
  21 goblins
  6 hobgoblins
  9 jackals
  33 kobolds
  5 quokkas
  4 ball pythons
  9 frilled lizards
  A giant cockroach zombie (D:5)
  8 rats
  A bush (Lair:4)
950 creatures vanquished.

Vanquished Creatures (collateral kills)
  An orc knight (Bailey)
  A warg (Orc:1)
  4 orc warriors
  An ogre (Orc:1)
  An orc priest (Orc:1)
  An orc wizard (Orc:1)
  A shadow imp (D:5)
  4 orcs
14 creatures vanquished.

Vanquished Creatures (others)
  An orc priest (Orc:2)
  An orc wizard (Orc:2)
  3 orcs
  A goblin (D:2)
  13 fungi
  37 plants
56 creatures vanquished.

Grand Total: 1020 creatures vanquished

Notes
Turn   | Place    | Note
-------+----------+-------------------------------------------
     0 | D:1      | Blackhawk the Minotaur Berserker began the quest for the
                  | Orb.
     0 | D:1      | Reached XP level 1. HP: 19/19 MP: 0/0
   195 | D:1      | Reached XP level 2. HP: 27/27 MP: 1/1
   543 | D:1      | Reached skill level 4 in Axes
  1034 | D:2      | Identified the +1 helmet "Paozahag" {Regen+ MP+9}
  1034 | D:2      | Noticed Robin
  1034 | D:2      | Reached ** piety under Trog
  1037 | D:2      | Reached XP level 3. HP: 28/33 MP: 2/2
  1049 | D:2      | Killed Robin
  1376 | D:2      | Reached XP level 4. HP: 39/41 MP: 3/3
  1625 | D:2      | Noticed a bullfrog
  1631 | D:2      | Killed a bullfrog
  1631 | D:2      | Reached XP level 5. HP: 30/47 MP: 4/4
  2193 | D:3      | Reached skill level 5 in Fighting
  2196 | D:3      | Reached skill level 5 in Axes
  2481 | D:3      | Reached *** piety under Trog
  2598 | D:3      | Reached XP level 6. HP: 56/56 MP: 5/5
  3304 | D:4      | Found an ornate altar of the Wu Jian Council.
  3330 | D:4      | Found a radiant altar of Vehumet.
  3383 | D:4      | Reached skill level 1 in Shields
  3699 | D:4      | Noticed Edmund
  3707 | D:4      | Killed Edmund
  3707 | D:4      | Reached skill level 5 in Armour
  3707 | D:4      | Reached XP level 7. HP: 49/62 MP: 6/6
  4493 | D:4      | Reached skill level 6 in Axes
  4851 | D:5      | Entered Level 5 of the Dungeon
  5047 | D:5      | Found a transporter.
  5047 | D:5      | Found an ancient bone altar of Kikubaaqudgha.
  5051 | D:5      | Noticed Menkaure
  5054 | D:5      | Noticed a wraith
  5057 | D:5      | Found a basalt altar of Yredelemnul.
  5373 | D:5      | Identified the cursed +0 battleaxe of Doom {holy, MR++ MP+9
                  | Str+4}
  5509 | D:5      | Found a blossoming altar of Fedhas.
  5514 | D:5      | Found a hazy altar of Hepliaklqana.
  5543 | D:5      | Noticed Prince Ribbit
  5548 | D:5      | Reached **** piety under Trog
  5548 | D:5      | Reached XP level 8. HP: 71/71 MP: 7/7
  5558 | D:5      | Killed Prince Ribbit
  5558 | D:5      | Reached skill level 7 in Axes
  5739 | D:5      | Noticed Sigmund
  5747 | D:5      | Killed Sigmund
  5824 | D:5      | Found a transporter.
  5945 | D:5      | Found a shattered altar of Ashenzari.
  6171 | D:6      | Reached skill level 8 in Axes
  6275 | D:6      | Found a staircase to the Ecumenical Temple.
  6292 | D:6      | Reached skill level 5 in Dodging
  6533 | D:6      | Found a sacrificial altar of Ru.
  6633 | D:6      | Found a snail-covered altar of Cheibriados.
  6661 | D:6      | Reached XP level 9. HP: 79/79 MP: 8/8
  6788 | D:6      | Reached skill level 9 in Axes
  7062 | D:7      | Found a shimmering altar of Xom.
  7490 | D:7      | Noticed Pikel
  7496 | D:7      | Killed Pikel
  7496 | D:7      | Reached skill level 10 in Axes
  7591 | D:7      | Found a radiant altar of Vehumet.
  7719 | D:7      | Found a sparkling altar of Nemelex Xobeh.
  8083 | D:8      | Found a flagged portal.
  8087 | D:8      | Reached ***** piety under Trog
  8130 | Bailey   | Entered a bailey
  8137 | Bailey   | Received a gift from Trog
  8256 | Bailey   | Reached XP level 10. HP: 42/90 MP: 9/9
  8626 | Bailey   | Noticed an orc knight
  8639 | Bailey   | Noticed an orc knight
  8644 | Bailey   | Killed an orc knight
  8644 | Bailey   | Reached skill level 11 in Axes
  8653 | Bailey   | Killed an orc knight
  8657 | Bailey   | Noticed an orc knight
  8665 | Bailey   | Killed an orc knight
  9010 | Bailey   | Noticed an orc knight
  9019 | Bailey   | Killed an orc knight
  9572 | D:8      | Found Ziecuah's Gadget Shop.
  9599 | D:8      | Found a burning altar of Makhleb.
  9610 | D:8      | Found Inoacuom's Assorted Antiques.
  9624 | D:8      | Bought a green potion for 18 gold pieces
  9624 | D:8      | Bought 2 sapphire potions for 37 gold pieces
  9624 | D:8      | Bought a sapphire potion for 18 gold pieces
  9624 | D:8      | Bought a ruby potion for 18 gold pieces
  9741 | D:8      | Found Hiklara's General Store.
  9772 | D:8      | Found a glowing silver altar of Zin.
  9894 | D:8      | Reached skill level 12 in Axes
 10067 | D:8      | Found Ceviat's Armour Boutique.
 10096 | D:8      | Found Hiotzi's Distillery.
 10101 | D:8      | Bought a potion of heal wounds for 60 gold pieces
 10366 | D:9      | Reached skill level 10 in Fighting
 10469 | D:9      | Found Ducsak's Book Shoppe.
 10472 | D:9      | Found Vitwet's Armour Shoppe.
 10594 | D:9      | Found a staircase to the Lair.
 10608 | D:9      | Found Bopsu's Antique Armour Shop.
 10828 | D:9      | Reached XP level 11. HP: 83/99 MP: 10/10
 10900 | D:9      | Found Roch's Magic Scroll Emporium.
 10925 | D:9      | Found Vuennuho's Magic Scroll Shoppe.
 11232 | D:5      | Killed Menkaure
 11407 | D:5      | Got a scorched ivory ring
 11436 | D:5      | Identified the ring "Urosete" {rCorr Int+3} (You found it
                  | on level 5 of the Dungeon)
 11440 | D:5      | Reached skill level 14 in Axes
 11440 | D:5      | Reached XP level 12. HP: 111/111 MP: 11/11
 11600 | D:10     | Entered Level 10 of the Dungeon
 11651 | D:10     | Received a gift from Trog
 12042 | D:10     | Noticed Maggie
 12050 | D:10     | Killed Maggie
 12050 | D:10     | Reached skill level 10 in Armour
 12376 | D:11     | Reached skill level 15 in Axes
 12510 | D:11     | Noticed a two-headed ogre
 12517 | D:11     | Killed a two-headed ogre
 12746 | Lair:1   | Entered Level 1 of the Lair of Beasts
 14262 | Lair:2   | Found a staircase to the Swamp.
 14513 | Lair:2   | Reached skill level 16 in Axes
 14647 | Lair:2   | Noticed Nergalle
 14653 | Lair:2   | Killed Nergalle
 15111 | Lair:3   | Reached XP level 13. HP: 113/119 MP: 12/12
 15320 | Lair:3   | Noticed Fannar
 15331 | Lair:3   | Killed Fannar
 16036 | Lair:3   | Reached skill level 10 in Dodging
 16330 | Lair:4   | Received a gift from Trog
 16809 | Lair:4   | Found a hole to the Spider Nest.
 16955 | Lair:4   | Reached skill level 17 in Axes
 18008 | Lair:5   | Found a staircase to the Slime Pits.
 18945 | Lair:6   | Entered Level 6 of the Lair of Beasts
 19611 | Lair:6   | Received a gift from Trog
 19802 | Lair:6   | Reached XP level 14. HP: 105/130 MP: 13/13
 20947 | Lair:6   | Reached skill level 18 in Axes
 21279 | Lair:6   | Upgraded the game from 0.26-a0-611-g354ed81 to
                  | 0.26-a0-835-g8259106
 21598 | D:11     | Found a staircase to the Orcish Mines.
 21851 | D:11     | Found Kuklen's Assorted Antiques.
 22266 | D:11     | Noticed Erica
 22276 | D:11     | Killed Erica
 22518 | D:12     | Received a gift from Trog
 22949 | D:12     | Found a gate leading to a gauntlet.
 22956 | Gauntlet | Entered a Gauntlet
 22956 | Gauntlet | Found a transporter.
 22956 | Gauntlet | Found a transporter.
 22956 | Gauntlet | Found a runed translucent door.
 22962 | Gauntlet | Found a transporter.
 22979 | Gauntlet | Found a transporter.
 22992 | Gauntlet | Found a transporter.
 22992 | Gauntlet | Found a transporter.
 22992 | Gauntlet | Found a transporter.
 22994 | Gauntlet | Found a transporter.
 22994 | Gauntlet | Found a transporter.
 23009 | Gauntlet | Found a transporter.
 23014 | Gauntlet | Found a runed translucent door.
 23021 | Gauntlet | Found a transporter.
 23583 | D:13     | Found a gate to the Vaults.
 24734 | D:13     | Found Pulov's Antique Armour Shop.
 24880 | D:13     | Noticed Josephine
 24893 | D:13     | Killed Josephine
 25708 | D:14     | Noticed Frances
 25716 | D:14     | Killed Frances
 25717 | D:14     | Reached skill level 19 in Axes
 25776 | D:14     | Reached ****** piety under Trog
 25776 | D:14     | Received a gift from Trog
 25808 | D:14     | Noticed Azrael
 25816 | D:14     | Killed Azrael
 26025 | D:14     | Found Ufrom's Book Shop.
 26084 | D:14     | Reached XP level 15. HP: 139/139 MP: 14/14
 26598 | D:14     | Reached skill level 15 in Fighting
 26779 | D:15     | Entered Level 15 of the Dungeon
 27488 | D:15     | Found a staircase to the Depths.
 27883 | D:15     | Found a sacrificial altar of Ru.
 28341 | Orc:1    | Entered Level 1 of the Orcish Mines
 28358 | Orc:1    | Received a gift from Trog
 28696 | Orc:2    | Entered Level 2 of the Orcish Mines
 29476 | Orc:2    | Received a gift from Trog
 30004 | Orc:2    | Found a roughly hewn altar of Beogh.
 30008 | Orc:2    | Reached skill level 5 in Shields
 30079 | Orc:2    | Found Baitt's Book Boutique.
 30161 | Orc:2    | Found Ruubrec's Assorted Antiques.
 30161 | Orc:2    | Noticed an orc warlord
 30169 | Orc:2    | Killed an orc warlord
 30170 | Orc:2    | Reached skill level 20 in Axes
 30603 | Orc:2    | Noticed an orc warlord
 30607 | Orc:2    | Found a roughly hewn altar of Beogh.
 30616 | Orc:2    | Killed an orc warlord
 30916 | Orc:2    | Received a gift from Trog
 31334 | Orc:2    | Found Omiapteg's Magic Scroll Boutique.
 31431 | Orc:2    | Found Evylydag's Distillery.
 31637 | Orc:2    | Found a staircase to the Elven Halls.
 31807 | Orc:2    | Bought a smoking chain mail for 275 gold pieces
 31817 | Orc:2    | Identified the cursed +0 chain mail of Cheibriados's Hatred
                  | {-Cast Regen+ Str+4 Stlth+} (You bought it in a shop on
                  | level 2 of the Orcish Mines)
 32028 | Spider:1 | Entered Level 1 of the Spider Nest
 32097 | Spider:1 | Reached XP level 16. HP: 137/151 MP: 15/15
 32216 | Spider:1 | Received a gift from Trog
 32240 | Spider:1 | HP: 6/151 [boulder beetle (40)]
 32251 | Spider:1 | Blown up by an orb spider

Illustrated notes

Levels and vault maps discovered:
D:1:      dpeg_arrival_simpleton_a, layout_basic, minmay_shallow_snake_nest
D:2:      layout_basic, uniq_robin
D:3:      layout_loops_ring
D:4:      layout_basic, nicolae_overflow_crystal_walls, kennysheep_mini_moat,
          minmay_puff, uniq_edmund
D:5:      layout_basic, kennysheep_mini, amethyst_overflow_temple_binary,
          gammafunk_temple_of_torment, uniq_prince_ribbit1, uniq_sigmund
D:6:      layout_loops_ring, nicolae_overflow_hidden_temple,
          lemuel_doored_altar, minmay_temple_entry_sparse_star
D:7:      layout_basic, xom_teletrap_fun, nemelex_altar_shiori,
          vehumet_altar_wand_db, uniq_pikel
D:8:      layout_basic, overflow_temple_1_default, kennysheep_little_box,
          serial_shops, nicolae_shop_trees, nicolae_shop_crystal, shop,
          nicolae_shop_crystal, shop, enter_bailey_3, minmay_unpleasant_kobolds
D:9:      layout_roguey, lair_entry_dummy, serial_shops,
          nicolae_shop_waterfront, shop, shop, shop, shop_statue
D:10:     layout_roguey, kennysheep_generic_room_7, uniq_maggie
D:11:     layout_basic, hiddenorc2_lemuel, serial_shops, shop,
          kennysheep_opposing_triangles, uniq_erica
D:12:     layout_long_grid, gauntlet_entry_generic, minmay_tree_intersection
D:13:     minmay_opposing_rooms, layout_basic,
          lightli_vaults_fourway_checkpoint, serial_shops, shop, uniq_josephine
D:14:     layout_roguey, serial_shops, shop_coins, nrook_uturn,
          corexii_hall_statues_i, uniq_frances, uniq_azrael
D:15:     hangedman_depths_entry_try_elsewhere_first, layout_irregular_city,
          ebering_dispersal_statue_hall, basic_altar, feat_on_display
Lair:1:   layout_regular_city
Lair:2:   layout_cave_shapes, minmay_swamp_entry_worms, minmay_holes,
          chequers_serial_rivers_room_b, guppyfry_lair_drakes,
          minmay_lair_oklob_chamber, uniq_nergalle
Lair:3:   layout_loops_ring, nicolae_volcano_entry_batcave,
          minmay_stone_trees_medium, infiniplex_staircase_pool_2,
          lemuel_fruit_tree, uniq_fannar
Lair:4:   layout_regular_city, spider_nest_entry_rubble
Lair:5:   layout_cave_pods, minmay_slime_entry_pillars,
          portal_ice_cave_entry_ice_beasts, grunt_forest_large_clearing_hut
Lair:6:   guppyfry_lair_end_dragon, layout_layer_cave, worms_lemuel
Spider:1: layout_spider_delve
Orc:1:    layout_caves
Orc:2:    pubby_orc_utopia

Skill      XL: |  1  2  3  4  5  6  7  8  9 10 11 12 13 14 15 16 |
---------------+-------------------------------------------------+-----
Axes           | 4 5 6 8 10 12 14 16 17 19 20 | 20.0
Fighting       | 4 5 6 7 8 10 11 12 13 14 15 16 | 16.0
Armour         | 3 4 5 6 7 8 9 11 12 13 14 | 14.9
Dodging        | 3 4 5 6 8 9 11 12 13 | 13.4
Shields        | 2 3 6 7 |  7.3

Action                   |  1- 3 |  4- 6 |  7- 9 | 10-12 | 13-15 | 16-18 || total
-------------------------+-------+-------+-------+-------+-------+-------++-------
Melee: Hand axe          |    72 |   160 |   114 |       |       |       ||   346
       Headbutt          |    13 |    27 |    44 |    91 |   331 |    12 ||   518
       Battleaxe         |       |       |   170 |   355 |  1071 |       ||  1596
       Broad axe         |       |       |       |       |    61 |    45 ||   106
Invok: Berserk           |     1 |     2 |     2 |     4 |     6 |       ||    15
       Trog's Hand       |       |       |       |     2 |     3 |       ||     5
       Brothers in Arms  |       |       |       |     2 |     1 |       ||     3
Evoke: Wand              |       |       |       |     3 |       |       ||     3
  Use: Potion            |       |     3 |       |     2 |     1 |     3 ||     9
       Scroll            |       |       |    14 |    11 |    26 |       ||    51
 Stab: Sleeping          |       |     1 |       |       |       |       ||     1
Armor: Animal skin       |    11 |    32 |       |       |       |       ||    43
       Scale mail        |       |       |    99 |    69 |    50 |       ||   218
       Chain mail        |       |       |       |     2 |   301 |    17 ||   320
Dodge: Dodged            |    43 |    95 |   270 |   333 |   919 |    38 ||  1698
       Repelled          |       |       |       |       |    13 |       ||    13
Block: Buckler           |       |     7 |     8 |       |       |       ||    15
       Tower shield      |       |       |       |       |    98 |    56 ||   154

Table legend: (Time is in decaauts)
 A = Elapsed time spent in this place.
 B = Non-inter-level travel time spent in this place.
 C = Inter-level travel time spent in this place.
 D = Time resting spent in this place.
 E = Time spent auto-exploring this place.
 F = Levels seen in this place.
 G = Mean time per level.
                   A        B        C        D        E       F      G
               +--------+--------+--------+--------+--------+-----+--------+
         Total |  32235 |  30401 |   1834 |   1626 |  24450 |  26 | 1239.8 |
       Dungeon |  18511 |  17257 |   1254 |    715 |  14052 |  15 | 1234.1 |
          Lair |   8792 |   8363 |    429 |    603 |   6917 |   6 | 1465.3 |
   Spider Nest |    171 |    171 |      0 |      0 |     24 |   1 |  171.0 |
  Orcish Mines |   3474 |   3324 |    150 |    308 |   2347 |   2 | 1737.0 |
        Bailey |   1210 |   1210 |      0 |      0 |   1035 |   1 | 1210.0 |
      Gauntlet |     75 |     75 |      0 |      0 |     73 |   1 |   75.0 |
               +--------+--------+--------+--------+--------+-----+--------+

Top non-repeatable levels by time:
  Lair:6: 2412 daAuts
   Orc:2: 2387 daAuts
     D:4: 1808 daAuts
     D:5: 1690 daAuts
    D:13: 1624 daAuts
    D:12: 1554 daAuts
  Lair:5: 1480 daAuts
    D:15: 1430 daAuts
  Lair:4: 1372 daAuts
    D:11: 1369 daAuts
  Lair:3: 1352 daAuts
     D:8: 1273 daAuts
  Bailey: 1210 daAuts
  Lair:2: 1207 daAuts
     D:2: 1192 daAuts
